 Dungeon Crawl Stone Soup version 0.30.1-11-g7821555f0a (webtiles) character file.

Game seed: 10646521093213195678

14710 pkoi the Martial Artist (level 11, -3/82 HPs)
             Began as a Pale Draconian Monk on Nov 13, 2023.
             Was an Elder of Hepliaklqana.
             Shot with an arrow by a centaur (9 damage)
             ... on level 11 of the Dungeon.
             The game lasted 00:23:38 (12873 turns).

pkoi the Martial Artist (Pale Draconian Monk)      Turns: 12873, Time: 00:23:39

Health: -3/82      AC:  5    Str: 25    XL:     11   Next: 92%
Magic:  9/16       EV: 15    Int: 15    God:    Hepliaklqana [****..]
Gold:   625        SH:  0    Dex: 14    Spells: 10/16 levels left

rFire   + .          .
                       - Unarmed
rCold   + . .        (no shield)
rNeg    . . .        (body armour unavailable)
rPois   .            (helmet restricted)
rElec   .            f - scarf {rC+ rF+}
rCorr   .            j - +1 pair of gloves
SInv    .            (no boots)
Will    +....        (no amulet)
Stlth   +++          a - +6 ring of strength
HPRegen 0.33/turn    h - +6 ring of strength
MPRegen 0.15/turn

%: no passive effects
@: corroded, flying
A: reduced essence, breathe steam, AC +7, unfitting armour, cold-blooded, steam
resistance, big wings, stinger 1, strong-willed 1
a: Breathe Steam, Renounce Religion, Recall Ancestor, Ancestor Identity,
Transference, Idealise


You were on level 11 of the Dungeon.
You worshipped Hepliaklqana.
Hepliaklqana was greatly pleased with you.
You visited 2 branches of the dungeon, and saw 12 of its levels.

You collected 768 gold pieces.
You spent 143 gold pieces at shops.

Inventory:

Hand Weapons
 c - a +3 dagger
 y - a +4 dagger of chaos
Missiles
 d - 30 poisoned darts (quivered)
 e - a curare-tipped dart
Armour
 b - an orb of light
 f - a scarf of resistance (worn)
 j - a +1 pair of gloves (worn)
 A - a +0 cloak of willpower
Jewellery
 a - a +6 ring of strength (left hand)
 g - a ring of ice
 h - a +6 ring of strength (right hand)
 u - a ring of protection from fire
Wands
 l - a wand of digging (2)
 t - a wand of iceblast (7)
 v - a wand of quicksilver (2)
 x - a wand of polymorph (9)
 z - a wand of mindburst (12)
 B - a wand of paralysis (14)
Scrolls
 i - a scroll of blinking
 w - a scroll of fog
Potions
 k - 3 potions of curing
 m - 2 potions of berserk rage
 n - 2 potions of heal wounds
 o - 2 potions of cancellation
 p - a potion of brilliance
 q - 3 potions of resistance
 r - 2 potions of flight
 s - a potion of might


   Skills:
 + Level 7.4 Fighting
 + Level 7.0 Dodging
 + Level 4.8 Stealth
 + Level 10.7 Unarmed Combat
 - Level 3.0 Spellcasting
 + Level 5.7 Hexes
 - Level 6.0 Summonings
 - Level 6.0 Fire Magic
 + Level 7.3 Invocations


You had 10 spell levels left.
You knew the following spells:

 Your Spells              Type           Power      Damage    Failure   Level
a - Call Canine Familiar  Summ           20%        N/A       4%          3
b - Inner Flame           Hex/Fire       19%        N/A       5%          3

Your spell library contained the following spells:

 Spells                   Type           Power      Damage    Failure   Level
 Tukima's Dance           Hex            19%        N/A       6%          3
 Ensorcelled Hibernation  Hex/Ice        20%        N/A       10%         2
 Portal Projectile        Hex/Tloc       20%        N/A       19%         3
 Sting                    Tmut/Pois      8%         1d3       21%         1
 Ignite Poison            Fire/Tmut/Pois 8%         N/A       26%         3
 Cigotuvi's Dreadful Rot  Necr/Pois/Air  4%         N/A       30%         2
 Passwall                 Tmut/Erth      1%         N/A       30%         2
 Summon Mana Viper        Hex/Summ       19%        N/A       45%         5
 Flame Wave               Conj/Fire      11%        2d6       50%         4
 Sticky Flame             Conj/Fire      11%        2d3       50%         4
 Summon Ice Beast         Ice/Summ       11%        N/A       50%         4
 Spider Form              Tmut/Pois      2%         N/A       52%         3
 Swiftness                Air            2%         N/A       52%         3
 Leda's Liquefaction      Hex/Erth       5%         N/A       52%         4
 Blade Hands              Tmut           1%         N/A       99%         5
 Freezing Cloud           Conj/Ice/Air   1%         6-21      99%         5
 Eringya's Noxious Bog    Tmut/Pois      1%         N/A       100%        6
 Simulacrum               Ice/Necr       1%         N/A       100%        6
 Monstrous Menagerie      Summ           10%        N/A       100%        7
 Ozocubu's Refrigeration  Ice            1%         4d7       100%        7
 Polar Vortex             Ice            1%         N/A       100%        9


Dungeon Overview and Level Annotations

Branches:
Dungeon (11/15)            Temple (1/1) D:5             Orc (0/2) D:11
   Lair: D:8-11

Altars:
Ashenzari
Cheibriados
Dithmenos
Elyvilon
Fedhas
Gozag
Hepliaklqana
Kikubaaqudgha
Makhleb
Nemelex Xobeh
Okawaru
Qazlal
Ru
Sif Muna
Trog
Uskayaw
Vehumet
Wu Jian
Xom
Yredelemnul
Zin
The Shining One

Shops:
D:1 =   D:5 *

Portals:
Trove: D:10 (give 5 scrolls of blinking)

Annotations:
D:8 4 transporters


Innate Abilities, Weirdness & Mutations

Your life essence is reduced to manifest your ancestor. (-10% HP)
You can breathe blasts of scalding, opaque steam.
Your pale cyan-grey scales are hard. (AC +7)
You cannot fit into any form of body armour.
You are cold-blooded and may be slowed by cold attacks.
You are immune to the effects of steam.
Your large and strong wings let you fly.
Your tail ends in a venomous barb.
You are strong-willed. (Will+)


Message History

The rime drake seems less confused.
The wolf bites Quintus!
Quintus misses the wolf.
The ice beast hits Quintus.
The ice beast freezes Quintus.
Quintus resists.
Quintus is destroyed!
Unknown command.
You closely miss the wolf.
The wolf is almost dead.
A wolf comes into view.
The wolf bites you!
Unknown command.
Unknown command.
The wolf howls!
You hit the wolf.
The wolf explodes!
The fiery explosion engulfs you! You resist.
The fiery explosion engulfs the ice beast!!!
The ice beast melts!
You kill the ice beast!
The fiery explosion engulfs the rime drake!!
The rime drake explodes!
You are engulfed in blazing flames.
You resist.
Your Dodging skill increases to level 7!
Unknown command.
Unknown command.
Unknown command.
An orc wizard comes into view. It is wielding a +0 dagger.
You have got your breath back.
An acid dragon comes into view.
The acid dragon spits acid at you. The splash of acid hits you!!
The centaur wields a +0 shortbow.
The centaur shoots an arrow.
The arrow completely misses you. The acid dragon spits acid at you.
The splash of acid hits you!!
* * * LOW HITPOINT WARNING * * *
The acid corrodes you!
You hear a shout! x3
The centaur shoots an arrow.
The arrow hits you!
You die...

##♣..)♣###..##)..### #..
#.......##..####.#####.....
#.>.♣.<.##..# ###.#.#.....
#.......##..# #..#.......
##♣.>.♣###..# .........
#...# #..# ###....~.#.#
##### #..# #.......... #..#
##......#
#####.@###~..§☼..#
...........~..#.###
...........#c.#..Y
.......###..Y.#...h.
....... ##h.........
....... #D..#.###.. .......
#...o... #o .......
###...... .. .... ......


You could see an acid dragon (catching breath), an ice beast, a wolf, a centaur
and an orc wizard.

Vanquished Creatures
  Josephine (D:10)
  Erica (D:8)
  2 two-headed ogres
  Maurice (D:8)
  A komodo dragon (D:10)
  Maggie (D:7)
  A rime drake (D:11)
  Psyche (D:8)
  A kobold demonologist (D:9)
  A troll (D:11)
  Grinder (D:4)
  A hornet (D:8)
  A wyvern (D:9)
  3 wraiths
  A shadow (D:9)
  8 yaks
  A steam dragon (D:7)
  2 vampire mosquitoes (D:10)
  An acid dragon (D:10)
  Duvessa (D:5)
  3 water moccasins
  3 orc warriors
  6 ice beasts
  2 sky beasts
  A wolf (D:11)
  3 ogres
  5 centaurs
  A phantom (D:4)
  3 kobold brigands
  6 bullfrogs
  5 scorpions
  Dowan (D:5)
  11 wights
  9 killer bees
  2 howler monkeys
  2 hounds (D:5)
  3 orc priests
  2 gnoll boudas
  2 jellies
  4 iguanas
  3 orc wizards
  Robin (D:4)
  A mummy (D:3)
  11 gnolls
  5 adders
  2 shadow imps
  2 white imps
  An ufetubus (D:6)
  A worm (D:2)
  3 dart slugs
  38 orcs
  5 bats
  4 endoplasms
  5 giant cockroaches
  14 goblins
  14 hobgoblins
  8 jackals
  2 quokkas
  4 ball pythons
  3 frilled lizards
  17 kobolds
  3 rats
252 creatures vanquished.

Vanquished Creatures (collateral kills)
  A manticore (D:8)
  A kobold demonologist (D:10)
  Prince Ribbit (D:7)
  2 wraiths
  3 ice beasts
  An orc warrior (D:10)
  3 sky beasts
  2 wolves (D:11)
  2 centaurs
  2 kobold brigands (D:9)
  2 bullfrogs
  A scorpion (D:6)
  A wight (D:4)
  2 killer bees
  2 howler monkeys
  2 orc priests
  A hound (D:6)
  2 iguanas
  A gnoll (D:6)
  An adder (D:6)
  A shadow imp (D:7)
  2 white imps
  6 orcs
  2 kobolds (D:9)
44 creatures vanquished.

Vanquished Creatures (others)
  A wizard (D:4)
  7 hexers
  An orc (D:8)
9 creatures vanquished.

Grand Total: 305 creatures vanquished

Notes
Turn   | Place    | Note
-------+----------+-------------------------------------------
     0 | D:1      | pkoi the Draconian Monk began the quest for the Orb.
     0 | D:1      | Reached XP level 1. HP: 19/19 MP: 1/1
   519 | D:1      | Reached XP level 2. HP: 18/26 MP: 2/2
   554 | D:1      | Found Kuf Soabu's Jewellery Emporium.
  1087 | D:2      | Reached skill level 4 in Unarmed Combat
  1207 | D:2      | Reached XP level 3. HP: 31/31 MP: 3/3
  1403 | D:2      | HP: 1/31 [hobgoblin/stone (3)]
  2087 | D:3      | Gained mutation: Your tail ends in a venomous barb. [potion
                  | of mutation]
  2087 | D:3      | Gained mutation: You are strong-willed. (Will+) [potion of
                  | mutation]
  2087 | D:3      | Gained mutation: Your large and strong wings let you fly.
                  | [potion of mutation]
  2135 | D:3      | Found a faded altar of an unknown god.
  2139 | D:3      | Found a shadowy altar of Dithmenos.
  2241 | D:3      | Reached XP level 4. HP: 38/38 MP: 4/4
  2259 | D:3      | Reached skill level 5 in Unarmed Combat
  3071 | D:4      | Noticed a scorpion
  3082 | D:3      | Killed a scorpion
  3083 | D:3      | Reached XP level 5. HP: 45/45 MP: 5/5
  3135 | D:4      | Noticed Robin
  3143 | D:3      | Reached skill level 6 in Unarmed Combat
  3520 | D:4      | Found a snail-covered altar of Cheibriados.
  3565 | D:3      | Reached XP level 6. HP: 26/51 MP: 6/6
  3766 | D:4      | Killed Robin
  4025 | D:4      | Found a bloodstained altar of Trog.
  4083 | D:4      | Noticed Grinder
  4098 | D:4      | Killed Grinder
  4099 | D:4      | Reached skill level 7 in Unarmed Combat
  4099 | D:4      | Your scales start taking on a pale cyan-grey colour.
  4099 | D:4      | Reached XP level 7. HP: 26/60 MP: 7/7
  4099 | D:4      | Gained mutation: You are immune to the effects of steam.
                  | [Pale Draconian growth]
  4415 | D:4      | Noticed a wizard
  4419 | D:4      | Killed a wizard
  4462 | D:5      | Entered Level 5 of the Dungeon
  4537 | D:5      | Reached skill level 5 in Fighting
  4880 | D:5      | Found a staircase to the Ecumenical Temple.
  4890 | Temple   | Entered the Ecumenical Temple
  5012 | Temple   | Became a worshipper of Hepliaklqana the Forgotten
  5012 | Temple   | Reached * piety under Hepliaklqana
  5012 | Temple   | Reached ** piety under Hepliaklqana
  5013 | Temple   | Remembered your ancestor Quintus as a hexer
  5299 | D:4      | Reached XP level 8. HP: 58/61 MP: 8/8
  5309 | D:4      | Reached skill level 5 in Dodging
  5657 | D:5      | Noticed Dowan
  5658 | D:5      | Noticed Duvessa
  5668 | D:5      | Killed Duvessa
  5669 | D:5      | Reached skill level 8 in Unarmed Combat
  5674 | D:5      | Learned a level 3 spell: Call Canine Familiar
  5682 | D:5      | Killed Dowan
  5690 | D:5      | Learned a level 3 spell: Inner Flame
  5713 | D:5      | Reached skill level 1 in Invocations
  5754 | D:5      | Found a sacrificial altar of Ru.
  5824 | D:5      | Found Ihiquc's General Store.
  5835 | D:5      | Bought a potion of heal wounds for 55 gold pieces
  5835 | D:5      | Bought a potion of cancellation for 88 gold pieces
  5864 | D:6      | Reached skill level 1 in Fire Magic
  5876 | D:6      | Reached skill level 1 in Summonings
  5898 | D:6      | Reached skill level 1 in Hexes
  5905 | D:6      | Reached skill level 1 in Spellcasting
  5986 | D:6      | Reached XP level 9. HP: 67/67 MP: 10/10
  6577 | D:7      | Noticed Prince Ribbit
  6579 | D:7      | Noticed Maggie
  6603 | D:7      | Killed Maggie
  6610 | D:7      | Killed Prince Ribbit
  6611 | D:7      | Reached skill level 9 in Unarmed Combat
  6990 | D:7      | Reached *** piety under Hepliaklqana
  7369 | D:7      | Reached XP level 10. HP: 55/74 MP: 14/14
  7573 | D:7      | Found a hide-covered altar of Uskayaw.
  7806 | D:8      | Identified the ring "Veysiymu" {rC- rN+ Str-4 Int+5 Dex+2
                  | SInv}
  7953 | D:8      | Found a transporter.
  7962 | D:8      | Noticed Psyche
  7968 | D:8      | Killed Psyche
  7969 | D:8      | Reached skill level 5 in Invocations
  8052 | D:8      | Found a transporter.
  8054 | D:8      | Found a transporter.
  8056 | D:8      | Found a transporter.
  8101 | D:8      | Reached skill level 1 in Stealth
  8111 | D:8      | Noticed Maurice
  8119 | D:8      | Killed Maurice
  8120 | D:8      | Reached skill level 5 in Fire Magic
  8242 | D:8      | Noticed a four-headed hydra
  8246 | D:8      | Noticed a two-headed ogre
  8615 | D:8      | Noticed Erica
  8654 | D:8      | Noticed a manticore
  8663 | D:8      | Killed a manticore
  8713 | D:8      | Reached **** piety under Hepliaklqana
  8765 | D:8      | Killed a two-headed ogre
  8787 | D:8      | Reached skill level 10 in Unarmed Combat
  8963 | D:8      | Killed Erica
  8964 | D:8      | Reached skill level 5 in Summonings
  8964 | D:8      | Reached XP level 11. HP: 33/80 MP: 15/15
  9537 | D:9      | You are sucked into a shaft and drop 1 floor!
  9537 | D:10     | Entered Level 10 of the Dungeon
  9585 | D:10     | Noticed Josephine
  9596 | D:10     | Killed Josephine
  9801 | D:10     | Reached skill level 5 in Hexes
  9908 | D:10     | Noticed a two-headed ogre
  9946 | D:10     | Killed a two-headed ogre
 10217 | D:10     | Found a basalt altar of Yredelemnul.
 10350 | D:10     | Found a portal to a secret trove of treasure.
 11085 | D:9      | Got the Secrets of Putrescence
 11599 | D:10     | Found a glowing golden altar of the Shining One.
 12159 | D:10     | Found a broken altar of Ashenzari.
 12775 | D:11     | Found a shimmering altar of Xom.
 12778 | D:11     | Found a shimmering altar of Xom.
 12783 | D:11     | Found a shimmering altar of Xom.
 12811 | D:11     | Found a staircase to the Orcish Mines.
 12873 | D:11     | Shot with an arrow by a centaur

Illustrated notes

Levels and vault maps discovered:
D:1:      dpeg_arrival_fog, layout_basic, serial_shops, nicolae_shop_waterfront
D:2:      kennysheep_big_flooded_room, layout_basic, minmay_pentomino_u4
D:3:      layout_loops_corners, nicolae_overflow_ecumenical_swirl
D:4:      layout_rooms, trog_wizard, slow_altar_1, uniq_grinder, uniq_robin
D:5:      layout_rooms, mainiacjoe_overflow_chevrons, minmay_temple_entry_glass,
          serial_shops, shop, uniq_duvessa
D:6:      layout_rooms, st_stairs_4
D:7:      layout_cave_pods, general_overflow_altar,
          minmay_fractal_squares_gapless_5, uniq_maggie, uniq_prince_ribbit1
D:8:      cheibrodos_fzero, layout_basic, nicolae_diode_quadrants, uniq_psyche,
          uniq_maurice, uniq_erica
D:9:      layout_loops_ring, kennysheep_cross_room
D:10:     layout_basic, mainiacjoe_overflow_concentric_impassable,
          nicolae_ashenzari_skybound, lemuel_round_altar,
          nicolae_trove_entry_crossroad, uniq_josephine
D:11:     layout_small_grid, hellmonk_lair_entry_icy, hiddenorc1_lemuel,
          grunt_ministairs_7, xom_shifter_show
Temple:   nicolae_temple_two_arcs

Skill      XL: |  1  2  3  4  5  6  7  8  9 10 11 |
---------------+----------------------------------+-----
Unarmed Combat | 4 5 6 7 8 9 10 | 10.7
Dodging        | 3 4 6 7 |  7.0
Fighting       | 4 5 6 7 |  7.4
Invocations    | 2 4 6 7 |  7.3
Fire Magic     | 1 4 5 6 |  6.0
Summonings     | 1 3 5 6 |  6.0
Hexes          | 1 3 4 5 |  5.7
Spellcasting   | 1 3 |  3.0
Stealth        | 3 4 |  4.8

Action                     |  1- 3 |  4- 6 |  7- 9 | 10-12 || total
---------------------------+-------+-------+-------+-------++-------
  Melee: Unarmed           |   159 |   122 |   232 |   280 ||   793
         Tailslap          |    23 |    17 |    45 |    44 ||   129
         Punch             |       |       |       |    10 ||    10
   Cast: Inner Flame       |       |       |       |     8 ||     8
 Invoke: Ancestor Life: He |       |       |     1 |       ||     1
         Recall Ancestor   |       |       |       |     7 ||     7
Ability: Breathe Steam     |       |       |    10 |    24 ||    34
  Evoke: Wand              |       |       |       |     4 ||     4
    Use: Scroll            |     2 |     3 |     4 |     7 ||    16
         Potion            |     2 |     2 |       |     3 ||     7
   Stab: Confused          |       |       |     4 |     7 ||    11
         Distracted        |       |       |     1 |     5 ||     6
         Sleeping          |       |       |       |     4 ||     4
 Armour: Skin              |    44 |    44 |    55 |    59 ||   202
  Dodge: Dodged            |    98 |    75 |   147 |   197 ||   517
